 Dungeon Crawl Stone Soup version 0.21.1-1-g345015f (webtiles) character file.

3199 Mgcat the Cleaver (level 10, -3/76 HPs)
             Began as a Formicid Fighter on Feb 19, 2018.
             Was a Follower of Ru.
             Slain by a two-headed ogre
             ... wielding a +0 giant club
              (9 damage)
             ... on level 9 of the Dungeon.
             The game lasted 00:16:55 (5165 turns).

Mgcat the Cleaver (Formicid Fighter)                Turns: 5165, Time: 00:16:57

Health: -3/76      AC:  7    Str: 20    XL:     10   Next: 17%
Magic:  0/10       EV:  8    Int:  9    God:    Ru [*.....]
Gold:   431        SH: 12    Dex: 13    Spells: 9/9 levels left

rFire    x . .     SeeInvis +   a - +2 war axe
rCold    + . .     Gourm    .   c - +2 shield
rNeg     . . .     Faith    .   b - +0 scale mail
rPois    .         Spirit   +   (helmet unavailable)
rElec    +         Reflect  .   y - scarf {Spirit}
rCorr    .         Harm     .   (no gloves)
MR       +....                  (no boots)
Stlth    ..........             v - amulet of regeneration {+regen, !d}
HPRegen  0.62/turn              q - +5 ring of evasion
MPRegen  0.12/turn              d - ring "Jygg" {Ice rElec}

@: starving
A: permanent stasis, dig shafts and tunnels, four strong arms, antennae 3,
reduced EV 1
a: Dig, Shaft Self, Renounce Religion


You were on level 9 of the Dungeon.
You worshipped Ru.
Ru was aware of your devotion.
You were starving.

You visited 2 branches of the dungeon, and saw 10 of its levels.
You also visited: Bailey.

You collected 431 gold pieces.

Inventory:

Hand Weapons
 a - a +2 war axe (weapon)
Missiles
 l - a throwing net {=f, !d}
 p - 13 tomahawks of returning (quivered)
Armour
 b - a +0 scale mail (worn)
 c - a +2 shield (worn)
 y - a scarf of spirit shield (worn)
   (You found it on level 7 of the Dungeon)
Jewellery
 d - the ring "Jygg" (right hand) {Ice rElec}
   (You found it on level 7 of the Dungeon)

   [ring of ice]

   It enhances your ice magic.
   It makes you vulnerable to fire.
   It protects you from cold.
   It insulates you from electricity.
 q - a +5 ring of evasion (left hand)
   (You found it on level 3 of the Dungeon)
 u - an uncursed ring of protection from fire {rF+, !d}
   (You found it on level 3 of the Dungeon)
 v - an amulet of regeneration (around neck) {+regen, !d}
   (You found it on level 3 of the Dungeon)
Wands
 g - a wand of digging (14)
   (You took it off Sigmund on level 2 of the Dungeon)
 o - a wand of polymorph (8)
   (You found it on level 7 of the Dungeon)
Scrolls
 e - 3 scrolls of magic mapping {!r}
 i - 7 scrolls of identify
 j - 4 scrolls of remove curse
 t - 2 scrolls of immolation {!r}
 x - a scroll of holy word {unknown}
Potions
 h - a potion of resistance
 k - 3 potions of brilliance {unknown}
 n - a potion of invisibility
 r - a potion of flight {unknown}
 s - 3 potions of curing
 w - 2 potions of heal wounds
 z - a potion of magic {unknown}
 A - a potion of cancellation {unknown}
Books
 m - a book of Flames
   (You found it on level 7 of the Dungeon)
Comestibles
 f - 8 rations


   Skills:
 + Level 6.0 Fighting
 + Level 11.2 Axes
 + Level 0.7 Throwing
 + Level 5.9 Armour
 + Level 6.2 Shields


You had 9 spell levels left.
You didn't know any spells.

Dungeon Overview and Level Annotations

Branches:
Dungeon (8/15)             Temple (1/1) D:6
   Lair: D:8-11

Altars:
Ashenzari
Cheibriados
Dithmenos
Elyvilon
Fedhas
Gozag
Hepliaklqana
Kikubaaqudgha
Makhleb
Nemelex Xobeh
Okawaru
Qazlal
Ru
Sif Muna
Trog
Uskayaw
Vehumet
Wu Jian
Xom
Yredelemnul
Zin
The Shining One

Shops:
D:4 [   D:5 (}}*[


Innate Abilities, Weirdness & Mutations

You cannot be hasted, slowed, berserked, paralysed or teleported.
You can dig through walls and to a lower floor.
Your four strong arms can wield two-handed weapons with a shield.
You have a pair of large antennae on your head. (SInv)
You have somewhat slow reflexes. (EV -5)


Message History

You hear an angry buzzing noise. x2
A killer bee comes into view.
There is a stone staircase leading up here.
You feel very sick.
You hear an angry buzzing noise.
The killer bee closely misses you. The killer bee stings you.
You are more poisoned.
The killer bee poisons you!
The killer bee is stunned by your will and fails to attack.
The killer bee stings you. x3; The killer bee closely misses you.
The killer bee stings you. You block the killer bee's attack.
You hear an angry buzzing noise.
You climb upwards.
You feel very sick.
There is a stone staircase leading down here.
You feel very sick. The killer bee stings you!
You are more poisoned.
The killer bee poisons you!
The killer bee stings you but does no damage. x2
You block the killer bee's attack.
The killer bee stings you but does no damage.
You block the killer bee's attack.
You feel sick. You block the killer bee's attack.
The killer bee barely misses you.
The killer bee stings you but does no damage.
You block the killer bee's attack.
You feel very sick.
The killer bee is stunned by your will and fails to attack.
You block the killer bee's attack.
The killer bee stings you but does no damage.
You block the killer bee's attack. The killer bee barely misses you.
You feel sick. The killer bee stings you. You block the killer bee's attack.
The killer bee completely misses you.
The killer bee stings you but does no damage.
You feel sick. You block the killer bee's attack.
The killer bee barely misses you. You block the killer bee's attack.
The killer bee barely misses you.
You feel sick. The killer bee barely misses you. The killer bee stings you.
* * * LOW HITPOINT WARNING * * *
You block the killer bee's attack.
The killer bee stings you but does no damage.
You feel sick.
The killer bee rages.
You block the killer bee's attack. x3
The killer bee stings you but does no damage.
You feel sick.
The killer bee stings you but does no damage.
You block the killer bee's attack.
You feel sick. The killer bee closely misses you. x2
You feel sick. You block the killer bee's attack.
You redirect the killer bee's attack!
The killer bee barely misses the killer bee.
Are you sure you want to shaft yourself?
You are starving!
You feel sick. The killer bee stings you.
* * * LOW HITPOINT WARNING * * *
You are lethally poisoned!
The killer bee poisons you!
The killer bee stings you but does no damage.
The killer bee barely misses you.
You begin to dig a shaft.
You continue digging a shaft.
* * * LOW HITPOINT WARNING * * *
You feel sick. You block the killer bee's attack. x3
A shaft appears beneath you!
You fall through a shaft for 2 floors!
The shaft crumbles and collapses.
A scorpion, a two-headed ogre, a troll and a zombie come into view.
* * * LOW HITPOINT WARNING * * *
You feel sick.
The troll shouts!
The two-headed ogre shouts in stereo!
Unknown command.
Unknown command.
Unknown command.
Unknown command.
* * * LOW HITPOINT WARNING * * *
You feel sick.
You feel better.
A shadow imp opens the large door.
Found an escape hatch in the ceiling.
The shadow imp shouts, "Scamper home, thou goatish fool-headed slime mould!"
The killer bee zombie hits you but does no damage.
A phantom comes into view.
You block the killer bee zombie's attack.
The shadow imp barely misses you. The killer bee zombie hits you.
* * * LOW HITPOINT WARNING * * *
The shadow imp gestures at you. Pain shoots through your body!
* * * LOW HITPOINT WARNING * * *
There is a large open door, spattered with blood here.
You block the two-headed ogre's attack.
The two-headed ogre hits you with a giant spiked club!
* * * LOW HITPOINT WARNING * * *
You redirect the killer bee zombie's attack!
The killer bee zombie hits the two-headed ogre.
The shadow imp disappears for a moment.
The killer bee zombie misses you.
The two-headed ogre hits you with a giant club!
You die...

..........##..)#
......?....#...#
...........#...#
#..#.......#...#
#.$......'...#
#...W....Ts..#
#..#.......#5..#
...........#.OZ#
...!!......#..@#
..........##...#
.........##..###
........##..##
.......##...
#..## ... .#


You could see a two-headed ogre, a troll, a scorpion, a shadow imp and a killer
bee zombie.

Vanquished Creatures
  A two-headed ogre (D:5)
  The ghost of EvilAshe the Chopper, a novice HOAK of Lugonu (D:5)
  Grinder (D:4)
  Sigmund (D:2)
  An orc warrior (Bailey)
  An ice beast (D:7)
  An ogre (D:5)
  A phantom (D:4)
  2 centaurs
  A gnoll sergeant (D:5)
  4 bullfrogs
  A howler monkey (D:6)
  A bullfrog zombie (D:5)
  4 crimson imps
  3 orc priests
  A jelly (D:6)
  A centaur skeleton (D:5)
  A bullfrog skeleton (D:5)
  3 hounds
  Jessica (D:3)
  Terence (D:2)
  Natasha (thrice) (D:3)
  An iguana (D:6)
  An orc wizard (D:7)
  5 worker ants
  A hound skeleton (D:5)
  13 gnolls
  A howler monkey skeleton (D:5)
  4 adders
  A shadow imp (D:7)
  2 oozes
  2 adder skeletons
  3 worms
  6 leopard geckos
  10 orcs
  2 ball pythons
  8 bats
  4 giant cockroaches
  5 goblins
  6 hobgoblins
  8 jackals
  3 quokkas
  7 frilled lizards
  A jackal skeleton (D:5)
  20 kobolds
  2 quokka zombies
  9 rats
160 creatures vanquished.

Vanquished Creatures (others)
  A kobold (Bailey)
1 creature vanquished.

Grand Total: 161 creatures vanquished

Notes
Turn   | Place    | Note
-------+----------+-------------------------------------------
     0 | D:1      | Mgcat the Formicid Fighter began the quest for the Orb.
     0 | D:1      | Reached XP level 1. HP: 18/18 MP: 1/1
   116 | D:1      | Reached XP level 2. HP: 20/24 MP: 2/2
   404 | D:1      | Reached skill level 4 in Shields
   404 | D:1      | Reached XP level 3. HP: 22/29 MP: 3/3
   574 | D:1      | You fall through a shaft!
   574 | D:2      | Noticed Terence
   574 | D:2      | Noticed Sigmund
   577 | D:2      | You fall through a shaft for 2 floors!
   577 | D:4      | Found Laupp's Antique Armour Emporium.
   754 | D:3      | Reached XP level 4. HP: 37/37 MP: 4/4
   759 | D:3      | Reached skill level 4 in Fighting
   759 | D:3      | Reached skill level 4 in Armour
   764 | D:3      | Reached skill level 3 in Axes
   774 | D:3      | Found a glowing silver altar of Zin.
   792 | D:3      | Noticed Jessica
   798 | D:3      | Killed Jessica
   798 | D:3      | Reached XP level 5. HP: 26/42 MP: 5/5
  1019 | D:3      | Noticed Natasha
  1024 | D:3      | Killed Natasha
  1024 | D:3      | Reached skill level 4 in Axes
  1147 | D:3      | Noticed Natasha
  1163 | D:3      | Killed Natasha
  1326 | D:3      | Noticed Natasha
  1336 | D:3      | Killed Natasha
  1336 | D:3      | Reached XP level 6. HP: 33/48 MP: 6/6
  1413 | D:4      | Reached skill level 5 in Axes
  1503 | D:4      | Noticed a phantom
  1518 | D:4      | Killed a phantom
  1567 | D:4      | Reached skill level 6 in Axes
  1567 | D:4      | Reached XP level 7. HP: 54/54 MP: 7/7
  1711 | D:4      | Noticed Grinder
  1735 | D:4      | Killed Grinder
  1735 | D:4      | Reached skill level 7 in Axes
  2211 | D:2      | Killed Sigmund
  2211 | D:2      | Reached skill level 8 in Axes
  2211 | D:2      | Reached XP level 8. HP: 56/60 MP: 8/8
  2218 | D:2      | Killed Terence
  2612 | D:5      | Entered Level 5 of the Dungeon
  2708 | D:5      | Found Urhoukh's Assorted Antiques.
  2712 | D:5      | Found Urajag's Armour Shop.
  2806 | D:5      | Noticed a two-headed ogre
  2819 | D:5      | Killed a two-headed ogre
  2819 | D:5      | Reached skill level 10 in Axes
  2819 | D:5      | Reached XP level 9. HP: 45/65 MP: 9/9
  2851 | D:5      | Found Jidghef's Gadget Shoppe.
  2899 | D:5      | Noticed EvilAshe's ghost (novice HOAK)
  2918 | D:5      | Killed EvilAshe's ghost
  2973 | D:5      | Found Utum's Antique Weapon Emporium.
  3144 | D:5      | Reached skill level 5 in Shields
  3230 | D:5      | Reached skill level 5 in Fighting
  3367 | D:5      | Found Test's Gadget Emporium.
  3441 | D:5      | Reached skill level 5 in Armour
  3544 | D:6      | Found a staircase to the Ecumenical Temple.
  3547 | D:6      | Reached skill level 11 in Axes
  3564 | Temple   | Entered the Ecumenical Temple
  3739 | Temple   | Became a worshipper of Ru the Awakened
  4183 | D:7      | Reached XP level 10. HP: 68/74 MP: 10/10
  4242 | D:7      | Got a flickering pewter ring
  4248 | D:7      | Identified the ring "Jygg" {Ice rElec} (You found it on level 7 of the Dungeon)
  4264 | D:7      | Reached skill level 6 in Shields
  4477 | D:7      | Found a flagged portal.
  4483 | Bailey   | Entered a bailey
  4488 | Bailey   | Noticed an orc warlord
  4538 | Bailey   | Gained mutation: You have somewhat slow reflexes. (EV -5) [Ru sacrifice]
  4538 | Bailey   | Reached * piety under Ru
  4748 | Bailey   | Found a runed gate.
  4754 | Bailey   | Found a runed gate.
  4755 | Bailey   | Found a runed gate.
  4762 | Bailey   | Noticed an orc knight
  5137 | D:7      | Reached skill level 6 in Fighting
  5147 | D:7      | HP: 19/76 [killer bee (1)]
  5152 | D:7      | HP: 13/76 [poisoned by a killer bee]
  5154 | D:7      | You fall through a shaft for 2 floors!
  5154 | D:9      | Noticed a two-headed ogre
  5155 | D:9      | HP: 6/76 [poisoned by a killer bee]
  5161 | D:9      | HP: 16/76 [killer bee zombie (5)]
  5162 | D:9      | HP: 4/76 [two-headed ogre/giant club (9)]
  5165 | D:9      | Slain by a two-headed ogre

Skill      XL: |  1  2  3  4  5  6  7  8  9 10 |
---------------+-------------------------------+-----
Shields        | 4 5 6 |  6.2
Fighting       | 4 5 6 |  6.0
Armour         | 4 5 |  5.9
Axes           | 3 4 6 8 10 11 | 11.2
Throwing       | |  0.7

Action                   |  1- 3 |  4- 6 |  7- 9 | 10-12 || total
-------------------------+-------+-------+-------+-------++-------
Melee: War axe           |   106 |   110 |   239 |    93 ||   548
Throw: Tomahawk          |       |       |       |    18 ||    18
Invok: Sacrifice Health  |       |       |       |     1 ||     1
 Abil: Shaft Self        |     1 |       |       |     1 ||     2
  Use: Scroll            |       |       |    19 |       ||    19
       Potion            |       |       |     3 |     2 ||     5
 Stab: Invisible         |       |       |       |     1 ||     1
  Eat: Chunk             |       |     3 |     9 |     1 ||    13
Armor: Scale mail        |    47 |    21 |    38 |    30 ||   136
Dodge: Dodged            |    51 |    60 |    85 |    49 ||   245
Block: Shield            |    74 |    57 |   142 |    89 ||   362

Vault maps used:
D:1:      lemuel_arrival_cross
D:2:      minmay_misc_feat_hallway, uniq_terence, uniq_sigmund
D:3:      zin_scriptorium, uniq_natasha, uniq_jessica
D:4:      serial_column_ruins, column_ruins_hut, column_ruins_columns_straight,
          column_ruins_open_small, column_ruins_corridor_plus,
          column_ruins_columns_straight, column_ruins_open_small, serial_shops,
          shop, uniq_grinder
D:5:      first_ration, serial_shops, shop, nicolae_shop_statue_plus,
          kennysheep_mini_moat, nicolae_shop_crystal, shop,
          minmay_misc_feat_ornament
D:6:      minmay_temple_entry_crystal_x, kennysheep_generic_room_8
D:7:      enter_bailey_3
D:8:      david_nohive_1, kennysheep_boxes
D:9:      kennysheep_big_flooded_room, lair_entry_dummy, serial_shops, shop,
          basic_altar, lightli_fourway_metalbox, uniq_psyche
Temple:   roderic_octagonal_lattice_temple
Bailey:   bailey_axe_bossmonster_kennysheep, bailey

Table legend:
 A = Turns spent in this place as a percentage of turns spent in the entire game.
 B = Non-inter-level travel turns spent in this place as a percentage of non-inter-level travel turns spent in the entire game.
 C = Inter-level travel turns spent in this place as a percentage of turns spent in this place.
 D = Turns resting spent in this place as a percentage of non-inter-level travel turns spent in this place.
 E = Turns spent auto-exploring this place as a percentage of non-inter-level travel turns spent in this place.
 F = Non-inter-level travel turns spent in this place divided by the number of levels of this place that you've seen.
                   A       B       C       D       E      F
               +-------+-------+-------+-------+-------+----------------------
         Total | 100.0 | 100.0 |   5.5 |   0.1 |  70.1 | 443.8
       Dungeon |  89.9 |  89.8 |   5.6 |   0.1 |  73.8 | 487.3
        Temple |   3.9 |   3.6 |  12.0 |   0.0 |  97.2 | 176.0
        Bailey |   6.2 |   6.6 |   0.0 |   0.0 |   4.4 | 320.0
               +-------+-------+-------+-------+-------+----------------------

Table legend:
 A = Kills in this place as a percentage of kills in entire the game.
 B = Kills by you in this place as a percentage of kills by you in the entire game.
 C = Kills by friends in this place as a percentage of kills by friends in the entire game.
 D = Other kills in this place as a percentage of other kills in the entire game.
 E = Experience gained in this place as a percentage of experience gained in the entire game.
 F = Experience gained in this place divided by the number of levels of this place that you have seen.
                   A       B       C       D       E      F
               +-------+-------+-------+-------+-------+----------------------
         Total | 100.0 | 100.0 |   N/A |   N/A | 100.0 | 415.5
       Dungeon |  88.1 |  88.1 |   N/A |   N/A |  95.9 | 487.1
        Bailey |  11.9 |  11.9 |   N/A |   N/A |   4.1 | 187.0
               +-------+-------+-------+-------+-------+----------------------
